 Dungeon Crawl Stone Soup version 0.27-a0-1188-g73eefd5def (webtiles) character file.

Game seed: 15637870105139409435

172 ZappyNine the Magician (level 5, -13/40 HPs)
             Began as a Djinni Fire Elementalist on May 20, 2021.
             Mangled by Crazy Yiuf
             ... wielding a +2 quarterstaff of chaos
              (15 damage)
             ... on level 2 of the Dungeon.
             The game lasted 00:05:31 (3423 turns).

ZappyNine the Magician (Djinni Fire Elementalist)   Turns: 3423, Time: 00:05:31

Health: -13/40     AC:  2    Str:  7    XL:     5   Next: 82%
Gold:   44         EV: 12    Int: 18    God:
                   SH:  0    Dex: 13

rFire    + + +     SeeInvis +   h - +2 short sword (flame)
rCold    x x .     Faith    .   (no shield)
rNeg     . . .     Spirit   .   a - +0 robe
rPois    ∞         Reflect  .   (no helmet)
rElec    .         Harm     .   (no cloak)
rCorr    .         Rampage  .   (no gloves)
Will     .....                  (boots unavailable)
Stlth    ++........             (no amulet)
HPRegen  0.13/turn              d - ring of see invisible
MPRegen  0.00/turn              g - ring of fire

@: flying, very slightly contaminated
A: sickness immunity, fire resistance 2, cold vulnerability 1, float, innate
caster, hp casting, extra vitality 1
a: no special abilities


You were on level 2 of the Dungeon.
You visited 1 branch of the dungeon, and saw 2 of its levels.

You collected 44 gold pieces.

Inventory:

Hand Weapons
 c - a +0 dagger
 h - a +2 short sword of flaming (weapon)
Armour
 a - a +0 robe (worn)
Jewellery
 d - a ring of see invisible (left hand)
 g - a ring of fire (right hand)
 i - a ring of willpower
Wands
 f - a wand of charming (9)
Scrolls
 b - a scroll of identify {unknown}
 e - 2 scrolls of teleportation {unknown}
 k - a scroll of fear {unknown}


   Skills:
 + Level 3.4 Fighting
 - Level 2.1 Dodging
 - Level 1.5 Stealth
 + Level 3.7 Spellcasting


You couldn't memorise any spells.
You knew the following spells:

 Your Spells              Type           Power      Damage    Failure   Level
a - Foxfire               Conj/Fire      100%       2x1d9     3%          1
b - Conjure Flame         Conj/Fire      25%        6-21      10%         3
c - Inner Flame           Hex/Fire       25%        N/A       10%         3
d - Sticky Flame          Conj/Fire      25%        2d5       32%         4
e - Fireball              Conj/Fire      12%        3d7       67%         5
f - Freeze                Ice            64%        1d8       3%          1
g - Slow                  Hex            16%        N/A       4%          2
Your spell library was empty.

Dungeon Overview and Level Annotations

Branches:
Dungeon (2/15)

Altars:
Cheibriados

Annotations:
D:2 Crazy Yiuf


Innate Abilities, Weirdness & Mutations

You are immune to sickness and miasma.
You are immune to poison.
Your flesh is very heat resistant. (rF++)
You are vulnerable to cold. (rC-)
You float through the air rather than walking.
You learn spells naturally, not from books.
Your magical power is your life essence.
You have superior vitality. (+4 HP)


Message History

Could not explore, unopened runed door.
No reachable target in view!
Casting: Foxfire (safe; 3% risk of failure)
Confirm with . or Enter, or press ? or * to list all spells.
You feel a surge of power!
The fire begins to smoulder!
You reach down and open the door.
Crazy Yiuf cries, "Rifle!
Adder poople snockshim."
You smother the flame.
Casting: Conjure Flame (dangerous; 10% risk of failure)
Confirm with . or Enter, or press ? or * to list all spells.
You feel a surge of power!
You miscast Conjure Flame.
You are very lightly contaminated with residual magic.
Nothing appears to happen.
Crazy Yiuf hits you with a +2 quarterstaff of chaos.
You easily resist.
Crazy Yiuf hits you with a +2 quarterstaff of chaos!
Unknown command.
Crazy Yiuf twirls on the spot.
Crazy Yiuf says, "Line pizzabubble light!"
Casting: Conjure Flame (dangerous; 10% risk of failure)
Confirm with . or Enter, or press ? or * to list all spells.
You feel a surge of power!
You miscast Foxfire.
Nothing appears to happen.
Crazy Yiuf hits you with a +2 quarterstaff of chaos.
Crazy Yiuf freezes you.
* * * LOW HITPOINT WARNING * * *
Unknown command.
Casting: Foxfire (safe; 3% risk of failure)
Confirm with . or Enter, or press ? or * to list all spells.
You feel a surge of power!
You conjure some foxfire!
* * * LOW HITPOINT WARNING * * *
Crazy Yiuf hits you with a +2 quarterstaff of chaos!
* * * LOW HITPOINT WARNING * * *
Unknown command.
Your foxfire dissipates!
The foxfire hits Crazy Yiuf.
Crazy Yiuf is lightly wounded.
It was a potion of flight.
You feel more buoyant.
Crazy Yiuf hits you with a +2 quarterstaff of chaos!
You die...

#.#######...# #.#
######.########## ## ###
#.......>........ .#
####.#..########. .# #....#.(#
#. .# ### #########..# ####.
.# #)..###
##..#.......#####.... ##
#...'.####..............)..#.#
.#
#...##..#...g@..###...####....
.# ### ###.#...##.# #...#
##### .# ########.# #...# .#
#.# #...#
.#################.###...#
.##..........#...........#
..............#####.#.#..#
####.####.##..# #.#<#..# #.#
#.##..#####.#.#..#


You could see Crazy Yiuf.

Vanquished Creatures
  A scorpion (D:2)
  4 adders (D:2)
  A worm (D:2)
  2 dart slugs
  4 ball pythons
  5 bats
  12 endoplasms
  2 giant cockroaches
  6 goblins
  6 hobgoblins
  8 jackals
  A quokka (D:1)
  2 frilled lizards
  7 kobolds
  4 rats (D:1)
65 creatures vanquished.

Vanquished Creatures (others)
  188 foxfires
188 creatures vanquished.

Grand Total: 253 creatures vanquished

Notes
Turn   | Place    | Note
-------+----------+-------------------------------------------
     0 | D:1      | ZappyNine the Djinni Fire Elementalist began the quest for
                  | the Orb.
     0 | D:1      | Reached XP level 1. HP: 15/15 MP: 0/0
   122 | D:1      | Reached XP level 2. HP: 21/22 MP: 0/0
   174 | D:1      | Reached skill level 1 in Fighting
   560 | D:1      | Reached XP level 3. HP: 20/27 MP: 0/0
   560 | D:1      | Learned a level 1 spell: Freeze
  1911 | D:2      | Reached XP level 4. HP: 19/33 MP: 0/0
  2349 | D:2      | Found a runed translucent door.
  2350 | D:2      | Noticed Crazy Yiuf
  2459 | D:2      | Noticed a scorpion
  2465 | D:2      | Killed a scorpion
  2466 | D:2      | Reached XP level 5. HP: 30/40 MP: 0/0
  2466 | D:2      | Learned a level 2 spell: Slow
  2801 | D:2      | Found a snail-covered altar of Cheibriados.
  3421 | D:2      | HP: 2/40 [Crazy Yiuf/+2 quarterstaff of chaos (9)]
  3423 | D:2      | Mangled by Crazy Yiuf

Illustrated notes

Levels and vault maps discovered:
D:1:      matt_arrival_diagonals, layout_rooms, chequers_jeans
D:2:      minmay_recursive_quarters, layout_loops_ring, basic_altar,
          uniq_crazy_yiuf_cottage

Skill      XL: |  1  2  3  4 |
---------------+-------------+-----
Fighting       | 1 2 3 |  3.4
Spellcasting   | 3 |  3.7
Dodging        | |  2.1
Stealth        | |  1.5

Action                   |  1- 3 |  4- 6 || total
-------------------------+-------+-------++-------
Melee: Unarmed           |    18 |       ||    18
       Dagger            |     9 |       ||     9
       Short sword       |       |    21 ||    21
 Cast: Foxfire           |    76 |    40 ||   116
       Conjure Flame     |     1 |     1 ||     2
       Freeze            |     1 |       ||     1
  Use: Potion            |       |     1 ||     1
 Stab: Distracted        |       |     1 ||     1
       Sleeping          |       |     1 ||     1
Armor: Robe              |    11 |     4 ||    15
Dodge: Dodged            |    31 |    20 ||    51

Table legend: (Time is in decaauts)
 A = Elapsed time spent in this place.
 B = Non-inter-level travel time spent in this place.
 C = Inter-level travel time spent in this place.
 D = Time resting spent in this place.
 E = Time spent auto-exploring this place.
 F = Levels seen in this place.
 G = Mean time per level.
                   A        B        C        D        E       F      G
               +--------+--------+--------+--------+--------+-----+--------+
         Total |   3422 |   3392 |     30 |   1364 |   1593 |   2 | 1711.0 |
       Dungeon |   3422 |   3392 |     30 |   1364 |   1593 |   2 | 1711.0 |
               +--------+--------+--------+--------+--------+-----+--------+

Top non-repeatable levels by time:
     D:2: 2166 daAuts
     D:1: 1256 daAuts
